 Dungeon Crawl Stone Soup version 0.26-a0-1040-gbe3abf3417 (webtiles) character file.

Game seed: 17822973166965715214

27 Dracia the Chiller (level 3, 0/24 HPs)
             Began as a Merfolk Ice Elementalist on Dec 12, 2020.
             Slain by a worker ant (5 damage)
             ... on level 2 of the Dungeon.
             The game lasted 00:01:33 (1192 turns).

Dracia the Chiller (Merfolk Ice Elementalist)       Turns: 1192, Time: 00:01:34

Health: 0/24       AC:  2    Str:  8    XL:     3   Next: 10%
Magic:  3/6        EV: 13    Int: 15    God:
Gold:   94         SH:  0    Dex: 14    Spells: 5/6 levels left

rFire    . . .     SeeInvis .   (no weapon)
rCold    . . .     Faith    .   (no shield)
rNeg     . . .     Spirit   .   a - +0 robe
rPois    .         Reflect  .   (no helmet)
rElec    .         Harm     .   (no cloak)
rCorr    .         Rampage  .   (no gloves)
Will     .....                  (no boots)
Stlth    ++........             h - amulet of magic regeneration
HPRegen  0.08/turn              (no ring)
MPRegen  0.35/turn              (no ring)

@: no status effects
A: change form in water, swift swim, stealthy swim
a: no special abilities


You were on level 2 of the Dungeon.
You visited 1 branch of the dungeon, and saw 2 of its levels.

You collected 94 gold pieces.


   Skills:
 - Level 2.6 Dodging
 - Level 2.1 Stealth
 + Level 2.4 Spellcasting
 * Level 5.1 Ice Magic


You had 5 spell levels left.
You knew the following spells:

 Your Spells              Type           Power        Failure   Level
z - Freeze                Ice            ###.         2%          1

Your spell library contained the following spells:

 Spells                   Type           Power        Failure   Level
 Frozen Ramparts          Ice            ###...       8%          3
 Ozocubu's Armour         Ice            ###.....     8%          3
 Hailstorm                Conj/Ice       #.......     58%         4
 Summon Ice Beast         Ice/Summ       #.......     58%         4

Inventory:

Hand Weapons
 d - a +1 antimagic dagger
Armour
 a - a +0 robe (worn)
Jewellery
 h - an amulet of magic regeneration (around neck)
Scrolls
 e - a scroll of identify {unknown}
 f - a scroll of remove curse {unknown}
Potions
 b - 2 potions of brilliance {unknown}
 c - a potion of lignification {unknown}
 g - a potion of degeneration {unknown}

Dungeon Overview and Level Annotations

Branches:
Dungeon (2/15)

Altars:

#####.# #.####
#.)..# #.##.#
#.#.#
###############.##
#####...#
#................#
........#
#.################
#.....B.# #.#
#(.....l# #@#
#.......# #B#
#....#..###.#
#..>l...#
#.......#
#.......#
#......## #......#
#......#


You could see a worker ant.


Message History

The worker ant bites you but does no damage.
Casting: Freeze (safe; 2% risk of failure)
Confirm with . or Enter, or press ? or * to list all spells.
Aiming: Freeze (safe; 2% risk of failure)
Press: ? - help, Shift-Dir - straight line, f/p - worker ant
Aim: a worker ant (moderately wounded)
You freeze the worker ant.
The worker ant is heavily wounded.
The worker ant bites you.
* * * LOW HITPOINT WARNING * * *
The worker ant bites you.
* * * LOW HITPOINT WARNING * * *
Casting: Freeze (safe; 2% risk of failure)
Confirm with . or Enter, or press ? or * to list all spells.
Aiming: Freeze (safe; 2% risk of failure)
Press: ? - help, Shift-Dir - straight line, f/p - worker ant
Aim: a worker ant (heavily wounded)
You freeze the worker ant.
The worker ant is severely wounded.
The worker ant bites you.
* * * LOW HITPOINT WARNING * * *
Casting: Freeze (safe; 2% risk of failure)
Confirm with . or Enter, or press ? or * to list all spells.
Aiming: Freeze (safe; 2% risk of failure)
Press: ? - help, Shift-Dir - straight line, f/p - worker ant
Aim: a worker ant (severely wounded)
You freeze the worker ant.
The worker ant is almost dead.
The worker ant bites you.
You die...

Skill      XL: |  1  2 |
---------------+-------+-----
Ice Magic      | 5 |  5.1
Dodging        | |  2.6
Stealth        | |  2.1
Spellcasting   | |  2.4

Action                   || total
-------------------------++-------
Melee: Unarmed           ||    58
       Dagger            ||     5
 Cast: Freeze            ||    26
 Stab: Sleeping          ||     2
Armor: Robe              ||    15
Dodge: Dodged            ||    57

Levels and vault maps discovered:
D:1:      dpeg_cavernosity, layout_basic
D:2:      layout_basic, st_stairs_3, kennysheep_generic_room_3

Notes
Turn   | Place    | Note
-------+----------+-------------------------------------------
     0 | D:1      | Dracia the Merfolk Ice Elementalist began the quest for the
                  | Orb.
     0 | D:1      | Reached XP level 1. HP: 13/13 MP: 3/3
   285 | D:1      | Reached XP level 2. HP: 7/19 MP: 0/5
   942 | D:1      | Reached skill level 5 in Ice Magic
  1164 | D:2      | Reached XP level 3. HP: 24/24 MP: 6/6
  1192 | D:2      | Slain by a worker ant

Vanquished Creatures
  A leopard gecko (D:2)
  3 bats
  A giant cockroach (D:1)
  4 goblins
  6 hobgoblins
  2 jackals (D:1)
  A ball python (D:2)
  2 frilled lizards (D:1)
  A kobold (D:1)
  2 rats (D:1)
23 creatures vanquished.

Table legend: (Time is in decaauts)
 A = Elapsed time spent in this place.
 B = Non-inter-level travel time spent in this place.
 C = Inter-level travel time spent in this place.
 D = Time resting spent in this place.
 E = Time spent auto-exploring this place.
 F = Levels seen in this place.
 G = Mean time per level.
                   A        B        C        D        E       F      G
               +--------+--------+--------+--------+--------+-----+--------+
         Total |   1184 |   1143 |     41 |    299 |    662 |   2 |  592.0 |
       Dungeon |   1184 |   1143 |     41 |    299 |    662 |   2 |  592.0 |
               +--------+--------+--------+--------+--------+-----+--------+

Top non-repeatable levels by time:
     D:1: 1080 daAuts
     D:2: 103 daAuts

Table legend:
 A = Non-vault XP
 B = Vault XP
 C = Vault XP percentage of total XP
 D = Non-vault monster count
 E = Vault monster count
 F = Vault count percentage of total count
                 A         B        C        D         E       F
            +---------+---------+-------+---------+---------+-------
      Total |      34 |       5 |  12.8 |      19 |       4 |  17.4
            +---------+---------+-------+---------+---------+-------
        D:1 |      25 |       5 |  16.7 |      14 |       4 |  22.2
        D:2 |       9 |       0 |   0.0 |       5 |       0 |   0.0
            +---------+---------+-------+---------+---------+-------
